TOP OF THE 1ST |
University of Florida Gators batting - Pitching for California State University at Fullerton Titans : LHP Ryan Watkins
|
Pitching: LHP Ryan Watkins
|
|
Batting: LHB Andy Buschlen
|
0-0: Foul Ball, location: 2F 0-1: Ball 1-1: SINGLE (Line Drive, 56D, EV 99.4 MPH)
|
Batting: RHB Tim Dower
|
0-0: Ball 1-0: Fly out, F8 (Line Drive, 8LD, EV 91.3 MPH)
|
Batting: RHB Jorge Lagunas
|
0-0: Swinging Strike 0-1: Called Strike 0-2: Ball 1-2: Strikes out swinging
|
Batting: LHB Tomas Espino
|
0-0: Ground out U3 (Groundball, 3, EV 83.8 MPH)
|
Top of the 1st over - 0 runs, 1 hit, 0 errors, 1 left on base; University of Florida 0 - California State University at Fullerton 0 |
BOTTOM OF THE 1ST |
California State University at Fullerton Titans batting - Pitching for University of Florida Gators : RHP Jesse Clark
|
Pitching: RHP Jesse Clark
|
|
Batting: LHB Newt Peper
|
0-0: Ball 1-0: Called Strike 1-1: Ball 2-1: Foul Ball, location: 2F 2-2: Ball 3-2: Foul Ball, location: 2F 3-2: Foul Ball, location: 2F 3-2: Foul Ball, location: 2F 3-2: Strikes out looking
|
Batting: LHB Wing-tat Tai
|
0-0: Ball 1-0: SINGLE (Line Drive, 8LS, EV 108.8 MPH)
|
Batting: RHB Don Burt
|
0-0: Ball 1-0: Ball 2-0: Fielders Choice at 2nd, 3-6 (Groundball, 3S, EV 88.1 MPH)
|
Batting: RHB Azeem bin Zuhair
|
0-0: Called Strike Don Burt is caught stealing 2nd base 2-4
|
Bottom of the 1st over - 0 runs, 1 hit, 0 errors, 0 left on base; University of Florida 0 - California State University at Fullerton 0 |
TOP OF THE 2ND |
University of Florida Gators batting - Pitching for California State University at Fullerton Titans : LHP Ryan Watkins
|
Batting: SHB Sun-wei Ng
|
0-0: Ball 1-0: Foul Ball, location: 2F 1-1: Ball 2-1: Ball 3-1: Swinging Strike 3-2: SINGLE (Groundball, 56D, EV 97.5 MPH)
|
Batting: SHB Edgar Dominguez
|
0-0: Ball 1-0: Called Strike 1-1: Called Strike 1-2: Foul Ball, location: 2F 1-2: Ball 2-2: Foul Ball, location: 2F 2-2: SINGLE (Groundball, 6MD, EV 105.6 MPH) Sun-wei Ng to second
|
Batting: LHB Carlos Palau
|
0-0: Ball 1-0: Foul Ball, location: 2F 1-1: Ball 2-1: Ball 3-1: Fielders Choice at 2nd, 3-6 (Groundball, 3, EV 81.3 MPH) Sun-wei Ng to third
|
Batting: RHB Amare Brown
|
0-0: Called Strike 0-1: Foul Ball, location: 2F 0-2: Ball 1-2: Fielders Choice at 2nd, 5-4 (Groundball, 5, EV 87.5 MPH) Sun-wei Ng scores
|
Batting: RHB Eddie Luna
|
0-0: Ball 1-0: Ball 2-0: Ball 3-0: Foul Ball, location: 2F 3-1: Base on Balls Amare Brown to second
|
Batting: LHB Andy Buschlen
|
0-0: Ball 1-0: Called Strike 1-1: Foul Ball, location: 2F 1-2: Strikes out swinging
|
Top of the 2nd over - 1 run, 2 hits, 0 errors, 2 left on base; University of Florida 1 - California State University at Fullerton 0 |
BOTTOM OF THE 2ND |
California State University at Fullerton Titans batting - Pitching for University of Florida Gators : RHP Jesse Clark
|
Batting: RHB Azeem bin Zuhair
|
0-0: Ball 1-0: Fly out, F8 (Flyball, 8RS, EV 79.4 MPH)
|
Batting: LHB Xue-liang Zhou
|
0-0: Called Strike 0-1: Ball 1-1: Swinging Strike 1-2: Ball 2-2: Ground out 6-3 (Groundball, 6M, EV 105.6 MPH)
|
Batting: LHB Zachery Ballard
|
0-0: Called Strike 0-1: Swinging Strike 0-2: Ball 1-2: Foul Ball, location: 2F 1-2: Fly out, F5 (Line Drive, 5, EV 67.5 MPH)
|
Bottom of the 2nd over - 0 runs, 0 hits, 0 errors, 0 left on base; University of Florida 1 - California State University at Fullerton 0 |
TOP OF THE 3RD |
University of Florida Gators batting - Pitching for California State University at Fullerton Titans : LHP Ryan Watkins
|
Batting: RHB Tim Dower
|
0-0: Swinging Strike 0-1: Ball 1-1: Fly out, F8 (Flyball, 8RM, EV 86.9 MPH)
|
Batting: RHB Jorge Lagunas
|
0-0: Ground out 6-3 (Groundball, 6, EV 91.9 MPH)
|
Batting: LHB Tomas Espino
|
0-0: Swinging Strike 0-1: Ball 1-1: Called Strike 1-2: Foul Ball, location: 2F 1-2: Strikes out swinging
|
Top of the 3rd over - 0 runs, 0 hits, 0 errors, 0 left on base; University of Florida 1 - California State University at Fullerton 0 |
BOTTOM OF THE 3RD |
California State University at Fullerton Titans batting - Pitching for University of Florida Gators : RHP Jesse Clark
|
Batting: RHB Ricky Alvarado
|
0-0: Fly out, F8 (Line Drive, 8RM, EV 98.8 MPH)
|
Batting: LHB Walt van der Rest
|
0-0: Ball 1-0: Ball 2-0: Ball 3-0: Called Strike 3-1: Base on Balls
|
Batting: RHB Oscar Ferrer
|
0-0: Ball 1-0: Foul Ball, location: 2F 1-1: Ball 2-1: Foul Ball, location: 2F 2-2: Fielders Choice at 2nd, 5-4 (Groundball, 56, EV 84.4 MPH)
|
Batting: LHB Newt Peper
|
0-0: Hit by Pitch Oscar Ferrer to second
|
Batting: LHB Wing-tat Tai
|
0-0: Ball 1-0: Fielders Choice at 2nd, 6-4 (Groundball, 6, EV 108.8 MPH)
|
Bottom of the 3rd over - 0 runs, 0 hits, 0 errors, 2 left on base; University of Florida 1 - California State University at Fullerton 0 |
TOP OF THE 4TH |
University of Florida Gators batting - Pitching for California State University at Fullerton Titans : LHP Ryan Watkins
|
Batting: SHB Sun-wei Ng
|
0-0: Called Strike 0-1: Ball 1-1: Called Strike 1-2: Fly out, F9 (Line Drive, 9, EV 98.1 MPH)
|
Batting: SHB Edgar Dominguez
|
0-0: Fly out, F5 (Line Drive, 5, EV 75.6 MPH)
|
Batting: LHB Carlos Palau
|
0-0: Foul Ball, location: 2F 0-1: Fly out, F6 (Flyball, 6D, EV 91.9 MPH)
|
Top of the 4th over - 0 runs, 0 hits, 0 errors, 0 left on base; University of Florida 1 - California State University at Fullerton 0 |
BOTTOM OF THE 4TH |
California State University at Fullerton Titans batting - Pitching for University of Florida Gators : RHP Jesse Clark
|
Batting: RHB Don Burt
|
0-0: Ball 1-0: Foul Ball, location: 2F 1-1: Called Strike 1-2: Ball 2-2: Foul Ball, location: 2F 2-2: Foul Ball, location: 2F 2-2: Ball 3-2: Fly out, F6 (Line Drive, 6, EV 66.3 MPH)
|
Batting: RHB Azeem bin Zuhair
|
0-0: SINGLE (Flyball, 5D, EV 90.6 MPH)
|
Batting: LHB Xue-liang Zhou
|
0-0: Ball 1-0: Called Strike 1-1: Ball 2-1: SINGLE (Groundball, 4D, EV 98.1 MPH) Azeem bin Zuhair to second Runner from 2nd tries for 3rd, OUT! 9-5 Xue-liang Zhou to second
|
Batting: LHB Zachery Ballard
|
0-0: Called Strike 0-1: Swinging Strike 0-2: Fly out, F8 (Flyball, 8RD, EV 91.9 MPH)
|
Bottom of the 4th over - 0 runs, 2 hits, 0 errors, 1 left on base; University of Florida 1 - California State University at Fullerton 0 |
TOP OF THE 5TH |
University of Florida Gators batting - Pitching for California State University at Fullerton Titans : LHP Ryan Watkins
|
Batting: RHB Amare Brown
|
0-0: Ball 1-0: Ball 2-0: Called Strike 2-1: Foul Ball, location: 2F 2-2: SOLO HOME RUN (Line Drive, 78XD, EV 111.3 MPH), Distance : 431 ft
|
Batting: RHB Eddie Luna
|
0-0: Foul Ball, location: 2F 0-1: Ball 1-1: DOUBLE (Line Drive, 7D, EV 106.3 MPH)
|
Batting: LHB Andy Buschlen
|
0-0: Called Strike 0-1: Ball 1-1: Ground out U3 (Groundball, 34S, EV 90.0 MPH) Eddie Luna to third
|
Batting: RHB Tim Dower
|
0-0: Fly out, F7 (Flyball, 7, EV 86.9 MPH) Runner from 3rd tags up, OUT at HOME! 7-2
|
Top of the 5th over - 1 run, 2 hits, 0 errors, 0 left on base; University of Florida 2 - California State University at Fullerton 0 |
BOTTOM OF THE 5TH |
California State University at Fullerton Titans batting - Pitching for University of Florida Gators : RHP Jesse Clark
|
Batting: RHB Ricky Alvarado
|
0-0: Foul Ball, location: 2F 0-1: Ball 1-1: Called Strike 1-2: Strikes out looking
|
Batting: LHB Walt van der Rest
|
0-0: Foul Ball, location: 2F 0-1: Ball 1-1: SINGLE (Line Drive, 34, EV 98.8 MPH)
|
Batting: RHB Oscar Ferrer
|
0-0: Ball Walt van der Rest is caught stealing 2nd base 2-4 1-0: Called Strike 1-1: Swinging Strike 1-2: Ball 2-2: Strikes out swinging
|
Bottom of the 5th over - 0 runs, 1 hit, 0 errors, 0 left on base; University of Florida 2 - California State University at Fullerton 0 |
TOP OF THE 6TH |
University of Florida Gators batting - Pitching for California State University at Fullerton Titans : LHP Ryan Watkins
|
Batting: RHB Jorge Lagunas
|
0-0: Ball 1-0: Reached on error, E4 (Groundball, 4S, EV 91.3 MPH)
|
Batting: LHB Tomas Espino
|
0-0: Ball 1-0: Ball 2-0: Called Strike 2-1: Ball 3-1: Grounds into double play, 5-4-3 (Groundball, 56, EV 87.5 MPH)
|
Batting: SHB Sun-wei Ng
|
0-0: Ball 1-0: Ball 2-0: Ball 3-0: Base on Balls
|
Pitching: RHP Josh Rutledge
|
|
Batting: SHB Edgar Dominguez
|
0-0: Called Strike Sun-wei Ng steals 2nd base 0-1: Called Strike 0-2: Ball 1-2: Ball 2-2: Ball 3-2: Base on Balls
|
Batting: LHB Carlos Palau
|
0-0: Called Strike 0-1: Swinging Strike 0-2: Fly out, F9 (Flyball, 9LM, EV 105.6 MPH)
|
Top of the 6th over - 0 runs, 0 hits, 1 error, 2 left on base; University of Florida 2 - California State University at Fullerton 0 |
BOTTOM OF THE 6TH |
California State University at Fullerton Titans batting - Pitching for University of Florida Gators : RHP Jesse Clark
|
Batting: LHB Newt Peper
|
0-0: Ball 1-0: Called Strike 1-1: Ball 2-1: Ball 3-1: Called Strike 3-2: Foul Ball, location: 2F 3-2: Foul Ball, location: 2F 3-2: Base on Balls
|
Pitching: RHP Adam Dennis
|
|
Batting: LHB Wing-tat Tai
|
0-0: Ball 1-0: Ball 2-0: Called Strike 2-1: Ball 3-1: Foul Ball, location: 2F 3-2: Foul Ball, location: 2F 3-2: Ground out 4-3 (Groundball, 34, EV 79.4 MPH) Newt Peper to second
|
Batting: RHB Don Burt
|
0-0: Called Strike 0-1: SINGLE (Groundball, 34D, EV 96.3 MPH) Newt Peper to third Runner from 3rd tries for Home, SAFE, throw by RF to home Don Burt to second
|
Pinch Hitting: RHB Mike Hill
|
0-0: Foul Ball, location: 2F 0-1: Called Strike 0-2: Ball 1-2: Ball 2-2: Foul Ball, location: 2F 2-2: Ball 3-2: Ground out 6-3 (Groundball, 56, EV 110.6 MPH)
|
Pinch Hitting: RHB Manny Olave
|
0-0: Swinging Strike 0-1: Ball 1-1: Foul Ball, location: 2F 1-2: Ball 2-2: Fly out, F4 (Flyball, 34D, EV 83.8 MPH)
|
Bottom of the 6th over - 1 run, 1 hit, 0 errors, 1 left on base; University of Florida 2 - California State University at Fullerton 1 |
TOP OF THE 7TH |
University of Florida Gators batting - Pitching for California State University at Fullerton Titans : RHP Josh Rutledge
|
Now at 1B: Mike Hill
|
|
Now in LF: Manny Olave
|
|
Batting: RHB Amare Brown
|
0-0: Ball 1-0: Ground out 5-3 (Groundball, 56, EV 97.5 MPH)
|
Batting: RHB Eddie Luna
|
0-0: Ball 1-0: Ball 2-0: Foul Ball, location: 2F 2-1: Foul Ball, location: 2F 2-2: Ball 3-2: Foul Ball, location: 2F 3-2: Foul Ball, location: 2F 3-2: Fly out, F8 (Flyball, 8RD, EV 95.6 MPH)
|
Batting: LHB Andy Buschlen
|
0-0: Called Strike 0-1: Ball 1-1: Foul Ball, location: 2F 1-2: Ball 2-2: Foul Ball, location: 2F 2-2: Foul Ball, location: 2F 2-2: Foul Ball, location: 2F 2-2: Ball 3-2: Fly out, F9 (Flyball, 9LS, EV 91.9 MPH)
|
Top of the 7th over - 0 runs, 0 hits, 0 errors, 0 left on base; University of Florida 2 - California State University at Fullerton 1 |
BOTTOM OF THE 7TH |
California State University at Fullerton Titans batting - Pitching for University of Florida Gators : RHP Adam Dennis
|
Pitching: RHP Carlos Cheas
|
|
Batting: LHB Zachery Ballard
|
0-0: Called Strike 0-1: Ball 1-1: Swinging Strike 1-2: Strikes out looking
|
Batting: RHB Ricky Alvarado
|
0-0: Ball 1-0: Fly out, F8 (Flyball, 89XD, EV 109.4 MPH)
|
Batting: LHB Walt van der Rest
|
0-0: Foul Ball, location: 2F 0-1: Ball 1-1: Fly out, F8 (Flyball, 8LM, EV 74.4 MPH)
|
Bottom of the 7th over - 0 runs, 0 hits, 0 errors, 0 left on base; University of Florida 2 - California State University at Fullerton 1 |
TOP OF THE 8TH |
University of Florida Gators batting - Pitching for California State University at Fullerton Titans : RHP Josh Rutledge
|
Pitching: RHP Jimmy Loudner
|
|
Batting: RHB Tim Dower
|
0-0: Ball 1-0: Foul Ball, location: 2F 1-1: SINGLE (Groundball, 4M, EV 109.4 MPH) (infield hit)
|
Batting: RHB Jorge Lagunas
|
0-0: Ball Tim Dower steals 2nd base 1-0: Foul Ball, location: 2F 1-1: Foul Ball, location: 2F 1-2: Foul Ball, location: 2F 1-2: Strikes out swinging, 2-3 out at first.
|
Batting: LHB Tomas Espino
|
0-0: Ball 1-0: Foul Ball, location: 2F 1-1: Swinging Strike 1-2: Strikes out looking
|
Batting: SHB Sun-wei Ng
|
0-0: Ball 1-0: Foul Ball, location: 2F 1-1: SINGLE (Groundball, 6D, EV 102.5 MPH) Tim Dower to third
|
Batting: SHB Edgar Dominguez
|
0-0: Foul Ball, location: 2F 0-1: Ground out U3 (Groundball, 3, EV 79.4 MPH)
|
Top of the 8th over - 0 runs, 2 hits, 0 errors, 2 left on base; University of Florida 2 - California State University at Fullerton 1 |
BOTTOM OF THE 8TH |
California State University at Fullerton Titans batting - Pitching for University of Florida Gators : RHP Carlos Cheas
|
Pitching: RHP David Oviedo
|
|
Pinch Hitting: LHB George Last
|
0-0: Hit by Pitch
|
Batting: LHB Newt Peper
|
0-0: Sac Bunt to 2L - play at first, batter OUT! 2-4 George Last to second
|
Pinch Hitting: RHB Amir Christy
|
0-0: Ball 1-0: Called Strike 1-1: Fly out, F8 (Line Drive, 8LM, EV 93.8 MPH)
|
Batting: RHB Don Burt
|
0-0: Fly out, F8 (Flyball, 8RD, EV 88.8 MPH)
|
Bottom of the 8th over - 0 runs, 0 hits, 0 errors, 1 left on base; University of Florida 2 - California State University at Fullerton 1 |
TOP OF THE 9TH |
University of Florida Gators batting - Pitching for California State University at Fullerton Titans : RHP Jimmy Loudner
|
Now at 2B: Terciero Ortiz
|
|
Now in RF: George Last
|
|
Batting: LHB Carlos Palau
|
0-0: Called Strike 0-1: Foul Ball, location: 2F 0-2: Foul Ball, location: 2F 0-2: Ball 1-2: Ball 2-2: Strikes out looking
|
Batting: RHB Amare Brown
|
0-0: Ball 1-0: Ball 2-0: Called Strike 2-1: Ball 3-1: Foul Ball, location: 2F 3-2: Strikes out swinging
|
Batting: RHB Eddie Luna
|
0-0: Called Strike 0-1: Ball 1-1: Foul Ball, location: 2F 1-2: Strikes out swinging
|
Top of the 9th over - 0 runs, 0 hits, 0 errors, 0 left on base; University of Florida 2 - California State University at Fullerton 1 |
BOTTOM OF THE 9TH |
California State University at Fullerton Titans batting - Pitching for University of Florida Gators : RHP David Oviedo
|
Pitching: RHP Brian Hunt
|
|
Batting: RHB Mike Hill
|
0-0: Called Strike 0-1: Swinging Strike 0-2: Strikes out swinging
|
Batting: RHB Manny Olave
|
0-0: Called Strike 0-1: Called Strike 0-2: Ground out 6-3 (Groundball, 6, EV 81.9 MPH)
|
Batting: LHB Zachery Ballard
|
0-0: Ball 1-0: Foul Ball, location: 2F 1-1: Ground out 4-3 (Groundball, 4, EV 105.6 MPH)
|
Bottom of the 9th over - 0 runs, 0 hits, 0 errors, 0 left on base; University of Florida 2 - California State University at Fullerton 1 |
|